 Dungeon Crawl Stone Soup version 0.24-a0-653-g3936067ed8 (webtiles) character file.

Game seed: 5784311371691525723, levelgen mode: deterministic

5 AntidotE the Magician (level 1, -1/11 HPs)
             Began as an Octopode Wizard on Sept 27, 2019.
             Slain by a jackal (3 damage)
             ... on level 1 of the Dungeon.
             The game lasted 00:00:47 (93 turns).

AntidotE the Magician (Octopode Wizard)               Turns: 93, Time: 00:00:48

Health: -1/11      AC:  1    Str:  6    XL:     1   Next: 80%
Magic:  3/4        EV: 13    Int: 20    God:
Gold:   0          SH:  0    Dex: 10    Spells: 5/6 levels left

rFire    . . .     SeeInvis .   (no weapon)
rCold    . . .     Gourm    .   (no shield)
rNeg     . . .     Faith    .   a - +0 hat
rPois    .         Spirit   .   (no amulet)
rElec    .         Reflect  .   (no ring)
rCorr    .         Harm     .   (no ring)
MR       .....                  (no ring)
Stlth    +++.......             (no ring)
HPRegen  0.03/turn              (no ring)
MPRegen  0.09/turn              (no ring)
                                (no ring)
                                (no ring)

@: no status effects
A: almost no armour, stealthy swim, amphibious, 8 rings, constrict 8, camouflage
1, gelatinous body 1
a: no special abilities


You were on level 1 of the Dungeon.
You were not hungry.

You visited 1 branch of the dungeon, and saw 1 of its levels.

Inventory:

Armour
 a - a +0 hat (worn)
Comestibles
 c - a ration


   Skills:
 + Level 2.0 Dodging
 + Level 2.9 Stealth
 + Level 3.2 Spellcasting
 + Level 1.0 Conjurations
   Level 1.0 Summonings
   Level 1.0 Translocations


You had 5 spell levels left.
You knew the following spells:

 Your Spells              Type           Power        Failure   Level  Hunger
a - Magic Dart            Conj           #...         10%         1    None

Your spell library contained the following spells:

 Spells                   Type           Power        Failure   Level  Hunger
 Blink                    Tloc           N/A          14%         2    ##.....
 Call Imp                 Summ           #.......     14%         2    ##.....
 Slow                     Hex            #.......     22%         2    ##.....
 Conjure Flame            Conj/Fire      #.......     34%         3    ###....
 Mephitic Cloud           Conj/Pois/Air  #.......     36%         3    ###....


Dungeon Overview and Level Annotations

Branches:
Dungeon (1/15)

Altars:


Innate Abilities, Weirdness & Mutations

You cannot wear most types of armour.
You are very stealthy in the water. (Stealth+)
You are amphibious.
You can wear up to eight rings at the same time.
You can use your tentacles to constrict eight enemies at once.
Your skin changes colour to match your surroundings (Stealth+).
Your rubbery body absorbs attacks. (AC +1, EV +1)


Message History

The jackal bites you but does no damage.
You tentacle-slap the jackal but do no damage.
The jackal is severely wounded.
You constrict the jackal.
You kill the jackal!
Your magical contamination has completely faded away.
The jackal barks!
You tentacle-slap the goblin. Your grab misses the goblin.
You squeeze the goblin.
You kill the goblin!
You tentacle-slap the jackal but do no damage.
You grab the jackal. You constrict the jackal. The jackal closely misses you.
You tentacle-slap the jackal.
The jackal is moderately wounded.
You constrict the jackal, but do no damage.
The jackal closely misses you. x2
You tentacle-slap the jackal but do no damage.
The jackal is moderately wounded.
You constrict the jackal. The jackal bites you.
You die...

#.......# #.
#####...# #.
#..+..#.# #.
#..#..#.# #.
###..#..# #h
#.......# #.
###..####
#.########### #.##
#........@h.# #.#
#.#########.####.##
#.. #..†....# #..h
#.#####.# #..h
#.....#.# ..gh
#.###.#.# ##...
#.###.#.# ##.(
#.......# #####.###


You could see a jackal.

Vanquished Creatures
  A goblin (D:1)
  3 jackals (D:1)
4 creatures vanquished.

Notes
Turn   | Place    | Note
-------+----------+-------------------------------------------
     0 | D:1      | AntidotE the Octopode Wizard began the quest for the Orb.
     0 | D:1      | Reached XP level 1. HP: 11/11 MP: 4/4
    93 | D:1      | Slain by a jackal

Levels and vault maps discovered:
D:1:      dpeg_arrival_erosion, layout_loops_corners

Action                   || total
-------------------------++-------
Melee: Unarmed           ||    15
       Tentacles         ||     5
       Constrict         ||     3
 Cast: Magic Dart        ||     3
Armor: Skin              ||     2
Dodge: Dodged            ||    16

Table legend:
 A = Non-vault XP
 B = Vault XP
 C = Vault XP percentage of total XP
 D = Non-vault monster count
 E = Vault monster count
 F = Vault count percentage of total count
                 A         B        C        D         E       F
            +---------+---------+-------+---------+---------+-------
      Total |       8 |       0 |   0.0 |       4 |       0 |   0.0
            +---------+---------+-------+---------+---------+-------
        D:1 |       8 |       0 |   0.0 |       4 |       0 |   0.0
            +---------+---------+-------+---------+---------+-------
